 Dungeon Crawl Stone Soup version 0.26-a0-651-gb41185065b (webtiles) character file.

Game seed: 10369320862039233984

100 Ozzies the Skirmisher (level 4, -3/31 HPs)
             Began as a Gargoyle Fighter on Oct 14, 2020.
             Killed by nerve-wracking pain
             ... invoked by Grinder
              (5 damage)
             ... on level 3 of the Dungeon.
             The game lasted 00:02:47 (2184 turns).

Ozzies the Skirmisher (Gargoyle Fighter)            Turns: 2184, Time: 00:02:48

Health: -3/31      AC: 10    Str: 21    XL:     4   Next: 74%
Magic:  4/4        EV:  7    Int:  8    God:
Gold:   101        SH:  9    Dex:  9    Spells: 3/3 levels left

rFire    . . .     SeeInvis .   k - +3 whip
rCold    . . .     Faith    .   c - +0 kite shield
rNeg     + . .     Spirit   .   b - +0 scale mail
rPois    ∞         Reflect  .   (no helmet)
rElec    +         Harm     .   (no cloak)
rCorr    .         Rampage  .   (no gloves)
MR       .....                  (no boots)
Stlth    ..........             (no amulet)
HPRegen  0.10/turn              (no ring)
MPRegen  0.09/turn              (no ring)

@: mighty
A: negative energy resistance 1, electricity resistance, unbreathing,
petrification resistance, rot immunity, AC +3
a: no special abilities


You were on level 3 of the Dungeon.
You visited 1 branch of the dungeon, and saw 3 of its levels.

You collected 101 gold pieces.

Inventory:

Hand Weapons
 a - a +0 flail
 k - a +3 whip (weapon)
Armour
 b - a +0 scale mail (worn)
 c - a +0 kite shield (worn)
 o - a +0 helmet
Jewellery
 n - a +4 ring of evasion {unknown}
Scrolls
 e - a scroll of fog {unknown}
 g - 3 scrolls of identify {unknown}
 j - a scroll of magic mapping {unknown}
 l - a scroll of amnesia {unknown}
 m - a scroll of remove curse {unknown}
Potions
 f - 2 potions of curing {unknown}
 h - a potion of flight {unknown}
 i - a potion of mutation {unknown}


   Skills:
 * Level 5.6 Fighting
 + Level 2.4 Maces & Flails
 - Level 3.2 Armour
 - Level 3.2 Shields


You had 3 spell levels left.
You didn't know any spells.
Your spell library was empty.

Dungeon Overview and Level Annotations

Branches:
Dungeon (3/15)

Altars:

Annotations:
D:3 Grinder


Innate Abilities, Weirdness & Mutations

You are resistant to torment.
Your stone body is resilient. (AC +3)
You are immune to poison.
You resist negative energy. (rN+)
You are resistant to electric shocks. (rElec)
You can survive without breathing.
You are immune to petrification.
You are immune to rotting.


Message History

You are too injured to fight recklessly!
You are too injured to fight recklessly!
You are too injured to fight recklessly!
You are too injured to fight recklessly!
You are too injured to fight recklessly!
You are too injured to fight recklessly!
You are too injured to fight recklessly!
You are too injured to fight recklessly!
You are too injured to fight recklessly!
You are too injured to fight recklessly!
You are too injured to fight recklessly!
You are too injured to fight recklessly!
You hit Grinder.
Grinder is moderately wounded.
Grinder hits you but does no damage.
You whack Grinder!
Grinder is severely wounded.
Grinder blinks!
Grinder barely misses you.
Grinder drinks a potion.
Grinder is healed!
You block Grinder's attack.
You barely miss Grinder.
Grinder is lightly wounded.
Grinder closely misses you.
You whack Grinder!
Grinder is moderately wounded.
Grinder hits you but does no damage.
You hit Grinder but do no damage.
Grinder is moderately wounded.
Grinder blinks!
Grinder gestures at you. Pain shoots through your body!
You are too injured to fight recklessly!
You are too injured to fight recklessly!
You are too injured to fight recklessly!
You are too injured to fight recklessly!
You are too injured to fight recklessly!
You are too injured to fight recklessly!
You are too injured to fight recklessly!
You are too injured to fight recklessly!
You are too injured to fight recklessly!
You are too injured to fight recklessly!
You are too injured to fight recklessly!
You are too injured to fight recklessly!
You are too injured to fight recklessly!
You are too injured to fight recklessly!
You are too injured to fight recklessly!
You are too injured to fight recklessly!
Unknown command.
You are too injured to fight recklessly!
You are too injured to fight recklessly!
You are too injured to fight recklessly!
You are too injured to fight recklessly!
You are too injured to fight recklessly!
You are too injured to fight recklessly!
You are too injured to fight recklessly!
You are too injured to fight recklessly!
You are too injured to fight recklessly!
You are too injured to fight recklessly!
You are too injured to fight recklessly!
You are too injured to fight recklessly!
You are too injured to fight recklessly!
You are too injured to fight recklessly!
You are too injured to fight recklessly!
You are too injured to fight recklessly!
You are too injured to fight recklessly!
You are too injured to fight recklessly!
You are too injured to fight recklessly!
Unknown command.
You are too injured to fight recklessly!
Grinder gestures at you.
You barely resist.
You see here a pink potion.
You hear the brisk rusting of a drain nearby.
You hit Grinder but do no damage.
Grinder is moderately wounded.
Grinder blinks!
Grinder blinks!
You hit Grinder.
Grinder is heavily wounded.
Grinder hits you.
You writhe in agony.
* * * LOW HITPOINT WARNING * * *
Your shield prevents you from hitting Grinder.
Grinder is heavily wounded.
Grinder hits you!
* * * LOW HITPOINT WARNING * * *
You hit Grinder.
Grinder is heavily wounded.
Grinder hits you but does no damage.
You hit Grinder.
Grinder is severely wounded.
Grinder blinks!
You see here a pink potion.
Okay, then.
Sorry, you're not good enough to have a special ability.
Really quaff
d - a potion of might {@q3 !q}?
You feel very mighty all of a sudden. Grinder gestures at you.
Pain shoots through your body!
You die...

#..............
#..########.#.# #..#
#.#.. #..# #.#.. #..#
#.#.# #####..# #.#.#
#...#..########.#(#
#...#>.............
####.@.##.#...##.#†#.#
#.........#!?.##.#.#.#
#.##.5.####...##.#.#.#
# #...# ######.#.#.#
##### #.#.#.# #.#.#.#
#.#.#.# #.#.. #.###


You could see Grinder.

Vanquished Creatures
  4 adders
  An ooze (D:2)
  An adder zombie (D:2)
  A worm (D:3)
  3 dart slugs
  2 leopard geckos
  2 bats (D:2)
  9 goblins
  6 hobgoblins
  6 kobolds
  2 quokkas
  2 frilled lizards (D:1)
  4 rats (D:2)
43 creatures vanquished.

Notes
Turn   | Place    | Note
-------+----------+-------------------------------------------
     0 | D:1      | Ozzies the Gargoyle Fighter began the quest for the Orb.
     0 | D:1      | Reached XP level 1. HP: 14/14 MP: 1/1
   490 | D:1      | Reached XP level 2. HP: 17/20 MP: 2/2
   573 | D:1      | Reached skill level 4 in Fighting
  1001 | D:2      | Reached XP level 3. HP: 24/24 MP: 3/3
  1207 | D:2      | Reached skill level 5 in Fighting
  1209 | D:2      | Reached XP level 4. HP: 24/31 MP: 4/4
  2151 | D:3      | Noticed Grinder
  2155 | D:3      | Paralysed by Grinder for 3 turns
  2184 | D:3      | Killed from afar by Grinder

Illustrated notes

Levels and vault maps discovered:
D:1:      dpeg_arrival_chambers_temple_mockup, layout_rooms
D:2:      layout_basic, minmay_misc_feat_rugged
D:3:      layout_basic, gup_sewer_entry_spiral, st_stairs_12, uniq_grinder

Skill      XL: |  1  2  3 |
---------------+----------+-----
Fighting       | 4 5 |  5.6
Maces & Flails | |  2.4
Armour         | |  3.2
Shields        | |  3.2

Action                   |  1- 3 |  4- 6 || total
-------------------------+-------+-------++-------
Melee: Flail             |    47 |       ||    47
       Whip              |    65 |    81 ||   146
  Use: Potion            |       |     1 ||     1
Armor: Scale mail        |    62 |    44 ||   106
Dodge: Dodged            |    34 |    17 ||    51
Block: Kite shield       |    62 |    29 ||    91

Table legend: (Time is in decaauts)
 A = Elapsed time spent in this place.
 B = Non-inter-level travel time spent in this place.
 C = Inter-level travel time spent in this place.
 D = Time resting spent in this place.
 E = Time spent auto-exploring this place.
 F = Levels seen in this place.
 G = Mean time per level.
                   A        B        C        D        E       F      G
               +--------+--------+--------+--------+--------+-----+--------+
         Total |   2208 |   2142 |     66 |      0 |   1516 |   3 |  736.0 |
       Dungeon |   2208 |   2142 |     66 |      0 |   1516 |   3 |  736.0 |
               +--------+--------+--------+--------+--------+-----+--------+

Top non-repeatable levels by time:
     D:2: 1001 daAuts
     D:1: 844 daAuts
     D:3: 362 daAuts
